 Dungeon Crawl Stone Soup version 0.25-a0-561-g0977b4d109 (console) character file.

Game seed: 4039770302715080385, levelgen mode: deterministic

526 utis the Ducker (level 7, -7/41 HPs)
             Began as a Tengu Arcane Marksman on Feb 25, 2020.
             Killed by divine providence
             ... invoked by an orc priest
              (13 damage)
             ... on level 5 of the Dungeon.
             The game lasted 00:14:59 (6815 turns).

utis the Ducker (Tengu Arcane Marksman)             Turns: 6815, Time: 00:14:59

Health: -7/41      AC:  3    Str: 10    XL:     7   Next: 23%
Magic:  9/9        EV: 18    Int: 15    God:
Gold:   205        SH:  0    Dex: 15    Spells: 5/8 levels left

rFire    . . .     SeeInvis .   a - +1 dagger (venom)
rCold    . . .     Gourm    .   (no shield)
rNeg     . . .     Faith    .   e - +1 robe
rPois    .         Spirit   .   (helmet restricted)
rElec    .         Reflect  .   (no cloak)
rCorr    .         Harm     .   (no gloves)
MR       .....                  (boots unavailable)
Stlth    +.........             (no amulet)
HPRegen  0.13/turn              (no ring)
MPRegen  0.11/turn              (no ring)

@: flying quickly and evasively, quick
A: beak, talons 3, able to fly
a: Stop Flying


You were on level 5 of the Dungeon.
You were not hungry.

You visited 1 branch of the dungeon, and saw 5 of its levels.

You collected 205 gold pieces.

Inventory:

Hand Weapons
 a - a +1 dagger of venom (weapon)
 b - a +0 hunting sling
 h - a +0 dagger
 k - a +0 long sword
 r - a +3 dagger
 w - a +0 shortbow
Missiles
 d - 50 arrows
 i - 104 stones (quivered)
 s - 50 sling bullets
 z - 16 poisoned darts
Armour
 e - a +1 robe (worn)
Wands
 x - a wand of polymorph (9)
Scrolls
 c - 4 scrolls of teleportation {@r4}
 n - 3 scrolls of magic mapping
 o - a scroll of random uselessness {unknown}
 p - 3 scrolls of identify {@r1}
 q - 2 scrolls of remove curse {@r2}
 y - a scroll of enchant weapon {unknown}
 A - a scroll of blinking {unknown}
 B - a scroll of noise {unknown}
Potions
 g - a potion of stabbing {unknown}
 j - a potion of curing {@q1}
 l - a potion of magic {unknown}
 m - 2 potions of might {unknown}
 t - a potion of lignification {unknown}
 u - a potion of mutation {unknown}
 v - 2 potions of haste {unknown}
Comestibles
 f - 5 rations {@e1}


   Skills:
 - Level 3.1 Fighting
 - Level 2.0 Short Blades
 - Level 3.2 Bows
 - Level 4.8 Dodging
 + Level 0.1 Stealth
 - Level 1.0 Spellcasting
 - Level 4.0 Hexes


You had 5 spell levels left.
You knew the following spells:

 Your Spells              Type           Power        Failure   Level  Hunger
a - Corona                Hex            ##.....      4%          1    ##.....
w - Slow                  Hex            ##......     7%          2    ###....

Your spell library contained the following spells:

 Spells                   Type           Power        Failure   Level  Hunger
 Inner Flame              Hex/Fire       #.......     32%         3    ####...
 Portal Projectile        Hex/Tloc       #.....       32%         3    ####...
 Cause Fear               Hex            ##........   43%         4    #####..
 Leda's Liquefaction      Hex/Erth       #.........   71%         4    #####..


Dungeon Overview and Level Annotations

Branches:
Dungeon (5/15)             Temple (0/1) D:4

Altars:
Cheibriados
Dithmenos

Annotations:
D:4 2 runed translucent doors, Wiebster667's ghost, amateur MiBe


Innate Abilities, Weirdness & Mutations

You have a beak for a mouth.
You have claws for feet.
You can fly continuously.


Message History

* * * LOW HITPOINT WARNING * * *
The orc priest closely misses you.
You hit the orc priest but do no damage.
You claw the orc priest.
The orc priest is severely wounded.
The orc priest hits you.
* * * LOW HITPOINT WARNING * * *
You completely miss the orc priest. Your kick misses the orc priest.
The orc priest is severely wounded.
The orc priest calls down the wrath of Beogh upon you.
Beogh smites you!
* * * LOW HITPOINT WARNING * * *
Unknown command.
You feel better.
The orc priest invokes the aid of Beogh against you.
Beogh smites you!
* * * LOW HITPOINT WARNING * * *
The orc priest mumbles some strange prayers to Beogh against you.
Beogh smites you!
You die...

░░░░░ ░░...░░ ░░░oo...░
░░..Q░...░ ░...░░░.░░░
░..░░░░.░.░░
░░░░░░.........░
░..░░..░░..░...░
░.........░░.o.░░
░░░.░░░......░o.o.░░░░░ ░░
░░░...░░................░
.░░
░.......░...............░░


You could see 2 orc priests.

Vanquished Creatures
  An ice beast (D:4)
  2 crimson imps (D:4)
  2 hounds (D:4)
  An orc priest (D:4)
  2 orc wizards (D:5)
  A worker ant (D:4)
  6 adders
  2 oozes
  5 worms
  A dart slug (D:1)
  5 leopard geckos
  13 orcs
  A ball python (D:3)
  4 giant cockroaches
  6 goblins
  4 hobgoblins
  16 jackals
  11 kobolds
  A quokka (D:5)
  6 bats
  8 frilled lizards
  A leopard gecko skeleton (D:4)
  10 rats
109 creatures vanquished.

Notes
Turn   | Place    | Note
-------+----------+-------------------------------------------
     0 | D:1      | utis the Tengu Arcane Marksman began the quest for the Orb.
     0 | D:1      | Reached XP level 1. HP: 12/12 MP: 3/3
   249 | D:1      | Reached XP level 2. HP: 5/16 MP: 1/4
  1218 | D:1      | Reached XP level 3. HP: 20/20 MP: 3/5
  1652 | D:1      | Learned a level 2 spell: Slow
  2409 | D:2      | Reached XP level 4. HP: 25/25 MP: 6/6
  3062 | D:3      | Noticed an ice beast
  3379 | D:3      | Reached skill level 1 in Short Blades
  3722 | D:3      | Gained mutation: You can fly continuously. [Tengu growth]
  3722 | D:3      | Reached XP level 5. HP: 13/30 MP: 7/7
  4214 | D:3      | Found a shadowy altar of Dithmenos.
  5169 | D:4      | Reached XP level 6. HP: 37/37 MP: 6/8
  5451 | D:4      | Found a snail-covered altar of Cheibriados.
  5582 | D:4      | Found a large runed translucent door.
  5582 | D:4      | Found a large runed translucent door.
  5587 | D:4      | Noticed Wiebster667's ghost (amateur MiBe)
  5672 | D:4      | Found a staircase to the Ecumenical Temple.
  5795 | D:5      | Entered Level 5 of the Dungeon
  6154 | D:5      | Noticed an ice beast
  6545 | D:4      | Killed an ice beast
  6545 | D:4      | Reached XP level 7. HP: 41/41 MP: 6/9
  6815 | D:5      | Killed from afar by an orc priest

Levels and vault maps discovered:
D:1:      dpeg_arrival_arbitrary_c, layout_basic, minmay_misc_feat_x
D:2:      layout_basic, kennysheep_generic_room_6
D:3:      layout_rooms, grunt_dithmenos_smoke_and_mirrors
D:4:      layout_cave_pools, lemuel_doored_altar,
          minmay_temple_entry_junction_2, ebering_ghost_disaster_area,
          first_ration
D:5:      layout_cave_pools, serial_shops, shop

Skill      XL: |  1  2  3  4  5  6  7 |
---------------+----------------------+-----
Bows           | 3 |  3.2
Dodging        | 3 4 |  4.8
Short Blades   | 1 2 |  2.0
Fighting       | 2 3 |  3.1
Hexes          | 3 4 |  4.0
Stealth        | |  0.1
Spellcasting   | |  1.0

Action                   |  1- 3 |  4- 6 |  7- 9 || total
-------------------------+-------+-------+-------++-------
Melee: Spear             |    60 |       |       ||    60
       Kick              |    20 |    50 |     6 ||    76
       Peck              |     9 |    31 |     1 ||    41
       Dagger            |    34 |   176 |    15 ||   225
 Fire: Shortbow          |     9 |    48 |       ||    57
       Hunting sling     |       |    10 |       ||    10
Throw: Stone             |       |     2 |       ||     2
 Cast: Corona            |    25 |    11 |       ||    36
       Slow              |       |    14 |     1 ||    15
 Abil: Fly               |       |     1 |       ||     1
  Use: Scroll            |     3 |     3 |       ||     6
       Potion            |       |     1 |     1 ||     2
 Stab: Sleeping          |     3 |     1 |       ||     4
  Eat: Chunk             |     6 |     6 |     2 ||    14
       Ration            |       |     2 |       ||     2
Armor: Robe              |    13 |    26 |       ||    39
Dodge: Dodged            |    49 |   200 |     7 ||   256

Table legend:
 A = Non-vault XP
 B = Vault XP
 C = Vault XP percentage of total XP
 D = Non-vault monster count
 E = Vault monster count
 F = Vault count percentage of total count
                 A         B        C        D         E       F
            +---------+---------+-------+---------+---------+-------
      Total |     747 |       5 |   0.7 |     107 |       2 |   1.8
            +---------+---------+-------+---------+---------+-------
        D:1 |      47 |       0 |   0.0 |      23 |       0 |   0.0
        D:2 |      58 |       5 |   7.9 |      22 |       2 |   8.3
        D:3 |      79 |       0 |   0.0 |      29 |       0 |   0.0
        D:4 |     480 |       0 |   0.0 |      28 |       0 |   0.0
        D:5 |      83 |       0 |   0.0 |       5 |       0 |   0.0
            +---------+---------+-------+---------+---------+-------
